Map: 오토메이턴 - 래더

Players

llllllllllll (Trap)

  • Race: Protoss Protoss
  • Spawn Location: 3:00

INnoVation - Winner!

  • Race: Terran Terran
  • League: Grandmaster
  • Spawn Location: 9:00

VOD

Have the link to the VOD?

Description

Time

  • Played on: May 14, 2019, 9:31 a.m.
  • Length: 8:52
Show
View Real Time Build Order
Export as new Build Order

llllllllllll Protoss 

Build Orders: 1 Gate Expand, Oracle Opening 

Get SALT Encoding   

  12  0:00  Probe  
  13  0:12  Probe  
  14  0:19  Pylon  
  14  0:24  Probe  
  15  0:33  Probe  
  15  0:39  Gateway  
  15  0:41  Probe  
  16  0:47  Assimilator  
  17  0:51  Probe  
  18  1:03  Probe  
  19  1:15  Probe  
  20  1:25  Nexus  
  20  1:35  Cybernetics Core  
  20  1:39  Probe  
  21  1:46  Assimilator  
  21  1:51  Probe  
  22  1:54  Pylon  
  22  2:02  Adept  
  22  2:03  Probe  
  23  2:15  Probe  
  26  2:19  Stargate  
  26  2:23  Adept  
  26  2:26  Warp Gate  
  26  2:27  Probe  
  26  2:34  Probe  
  28  2:39  Probe  
  28  2:42  Probe  
  31  2:51  Probe  
  31  2:52  Adept  
  31  2:53  Probe  
  31  2:56  Oracle  
  35  3:04  Probe  
  39  3:08  Probe  
  40  3:16  Probe  
  40  3:19  Pylon  
  41  3:20  Probe  
  42  3:28  Probe  
  42  3:29  Oracle  
  42  3:32  Probe  
  44  3:40  Probe  
  48  3:45  Probe  
  48  3:46  Gateway  
  48  3:47  Gateway  
  49  3:52  Probe  
  49  3:54  Pylon  
  50  3:57  Probe  
  51  4:03  Oracle  
  51  4:04  Probe  
  52  4:16  Nexus  
  55  4:19  Pylon  
  55  4:20  Probe  
  55  4:21  Probe  
  57  4:27  Assimilator  
  57  4:31  Assimilator  
  57  4:32  Probe  
  57  4:33  Probe  
  59  4:42  Forge  
  59  4:43  Twilight Council  
  59  4:44  Probe  
  60  4:45  Probe  
  60  4:49  Pylon  
  61  4:53  Blink  
  61  4:56  Probe  
  61  4:57  Probe  
  63  5:03  Gateway  
  63  5:04  Gateway  
  63  5:13  Probe  
  63  5:14  Probe  
  62  5:16  Gateway  
  62  5:19  Protoss Ground Weapons Level 1, Gateway  
  62  5:22  Gateway  
  62  5:29  Sentry x2  
  62  5:30  Sentry  
  68  5:36  Probe x2, Pylon  
  68  5:38  Probe  
  71  5:43  Shield Battery  
  71  5:52  Probe x3  
  71  5:53  Robotics Facility  
  74  5:58  Stalker  
  74  5:59  Stalker  
  74  6:01  Stalker  
  74  6:03  Stalker  
  82  6:07  Stalker  
  82  6:11  Probe x3  
  87  6:15  Pylon  
  87  6:20  Stalker x2  
  87  6:24  Pylon  
  91  6:33  Stalker x3  
  91  6:36  Shield Battery  
  97  6:42  Observer  
  97  6:43  Stalker x3  
  97  6:45  Charge  
  104  6:49  Probe, Pylon  
  104  6:50  Probe, Pylon  
  104  6:51  Probe  
  105  6:54  Stalker  
  107  7:01  Stalker x2  
  107  7:07  Zealot x2  
  115  7:18  Zealot x4  
  123  7:24  Pylon  
  123  7:25  Pylon  
  123  7:28  Immortal, Zealot x2  
  125  7:32  Zealot x2  
  131  7:47  Assimilator  
  131  7:48  Assimilator  
  131  7:49  Templar Archives  
  131  7:50  Probe x3  
  134  7:55  Zealot x4  
  142  8:02  Zealot x3  
  144  8:15  Zealot x4  
  144  8:16  Zealot  
  126  8:28  Zealot  
  126  8:29  Zealot x2  
  103  8:39  Zealot x5  
Show
View Real Time Build Order
Export as new Build Order

INnoVation Terran - Winner!

Build Orders: Reaper Expand 

Get SALT Encoding   

  12  0:00  SCV  
  13  0:12  SCV  
  14  0:17  Supply Depot  
  14  0:24  SCV  
  15  0:39  SCV  
  15  0:41  Barracks  
  16  0:44  Refinery  
  16  0:51  SCV  
  17  1:03  SCV  
  18  1:15  SCV  
  19  1:27  Orbital Command  
  19  1:28  Reaper  
  20  1:47  Command Center  
  20  1:53  SCV  
  21  1:58  Supply Depot  
  21  2:01  Barracks Reactor  
  21  2:05  SCV  
  22  2:08  Refinery  
  22  2:18  SCV  
  22  2:21  Factory  
  23  2:30  SCV  
  23  2:36  Marine x2  
  26  2:42  SCV  
  27  2:54  SCV, Marine x2  
  30  3:00  Orbital Command  
  30  3:07  Widow Mine, Starport  
  30  3:08  SCV  
  30  3:12  Marine  
  34  3:13  Marine  
  34  3:20  SCV  
  35  3:28  Widow Mine, SCV  
  35  3:30  Marine  
  35  3:31  Marine  
  35  3:32  SCV  
  41  3:36  Supply Depot  
  41  3:43  SCV, Medivac  
  41  3:44  SCV  
  41  3:46  Barracks  
  45  3:50  Factory Tech Lab  
  45  3:51  Marine  
  46  3:57  Marine  
  46  3:58  SCV x2  
  46  3:59  Supply Depot  
  49  4:10  SCV x2  
  49  4:12  Barracks  
  49  4:13  Marine  
  49  4:15  Factory Tech Lab, Marine  
  52  4:23  SCV x2  
  54  4:26  Raven, Engineering Bay  
  54  4:31  Marine, Supply Depot  
  57  4:34  Marine  
  57  4:38  SCV x2  
  60  4:41  Refinery  
  60  4:47  Stimpack  
  60  4:48  Marine x2  
  62  4:53  SCV x2, Marine  
  62  4:55  Terran Infantry Weapons Level 1  
  65  5:00  Supply Depot  
  65  5:05  SCV x2, Missile Turret  
  67  5:08  Marine  
  67  5:13  Factory Reactor  
  64  5:14  Marine  
  64  5:15  Marine  
  64  5:16  Starport Reactor  
  64  5:17  SCV x2  
  64  5:20  Combat Shield  
  68  5:22  Supply Depot  
  68  5:24  Missile Turret  
  68  5:27  Marine  
  69  5:31  SCV x2  
  69  5:32  Marine  
  69  5:33  Refinery  
  69  5:35  Marauder  
  74  5:36  Marauder  
  76  5:43  SCV x2, Supply Depot  
  76  5:44  Supply Depot  
  78  5:52  Medivac  
  78  5:53  Medivac, Marine x2  
  84  5:59  Marauder  
  86  6:05  Marauder, Supply Depot  
  86  6:08  Supply Depot  
  88  6:15  Marine x2  
  90  6:20  Marauder  
  90  6:22  Medivac x2  
  96  6:26  Marauder  
  98  6:34  Marine  
  98  6:35  Marine  
  100  6:40  Barracks  
  100  6:41  Barracks  
  100  6:42  Command Center  
  100  6:43  Liberator x2  
  102  6:47  Marauder  
  102  6:48  Marauder  
  102  6:49  Terran Infantry Armor Level 1  
  102  6:51  Concussive Shells  
  104  6:58  Marine x2  
  111  7:04  SCV  
  111  7:05  SCV  
  113  7:09  Supply Depot  
  113  7:12  Marauder x2  
  116  7:17  Marine x2  
  118  7:25  Supply Depot  
  118  7:29  Liberator x2  
  118  7:30  SCV x2, Barracks Reactor, Barracks Tech Lab  
  118  7:34  Marine x2  
  122  7:41  Supply Depot  
  122  7:42  SCV x2  
  130  7:52  Marauder x2  
  134  7:59  Supply Depot  
  134  8:03  Marauder, Marine x2  
  136  8:14  Marauder x2, Marine x2  
  136  8:15  Orbital Command  
  141  8:21  Marine x2  
  141  8:25  Marauder  
Tags
 
Add a new tag
Caveats
  • Supply blocks, unpowered buildings, or Contaminate may cause inaccurate times.
  • Supply counts are checked every 10 seconds.